 Dungeon Crawl Stone Soup version 0.28.0 (webtiles) character file.

Game seed: 13205371634552145088

204 freelancePsychic the Cutter (level 5, -3/26 (28) HPs)
             Began as a Deep Elf Warper on Feb 18, 2022.
             Was a Plaything of Xom.
             Slain by a gnoll (12 damage)
             ... on level 2 of the Dungeon.
             The game lasted 00:05:04 (3114 turns).

freelancePsychic the Cutter (Deep Elf Warper)       Turns: 3114, Time: 00:05:05

HP:   -3/26 (28)    AC:  3    Str:  6      XL:     5   Next: 52%
MP:   11/11         EV: 11    Int: 15      God:    Xom [......]
Gold: 97            SH:  0    Dex: 15 (17) Spells: 8/10 levels left

rFire   . . .      SeeInvis .   e - +6 quick blade of Piveg {spect, +Blink rPois Int-5 Dex+3}
rCold   . . .      Faith    .   (no shield)
rNeg    . . .      Spirit   .   b - +0 leather armour
rPois   +          Reflect  .   (no helmet)
rElec   .          Harm     .   (no cloak)
rCorr   .          Rampage  .   (no gloves)
Will    .....                   (no boots)
Stlth   +.........              (no amulet)
HPRegen 0.08/turn               (no ring)
MPRegen 0.12/turn               (no ring)

@: drained, unable to read
A: frail 1, poison resistance, weak 1, inability to read while threatened
a: Renounce Religion, Evoke Blink


You were on level 2 of the Dungeon.
You worshipped Xom.
You were a very special plaything of Xom.
You visited 1 branch of the dungeon, and saw 3 of its levels.

You collected 97 gold pieces.

Inventory:

Hand Weapons
 a - a +0 short sword
 e - the +6 quick blade of Piveg (weapon) {spect, +Blink rPois Int-5 Dex+3}
   (You acquired it on level 1 of the Dungeon)

   When its wielder attacks, the weapon's spirit leaps out and strikes again.
   The spirit shares a part of any damage it takes with its wielder.
   Int:       It affects your intelligence (-5).
   Dex:       It affects your dexterity (+3).
   rPois:     It protects you from poison.
   +Blink:    It lets you blink.
Missiles
 d - 5 boomerangs of dispersal (quivered)
Armour
 b - a +0 leather armour (worn)
Wands
 j - a wand of charming (2)
Scrolls
 c - a scroll of blinking
 f - a scroll of identify {unknown}
 h - a scroll of fog
Potions
 g - a potion of curing {unknown}
 i - a potion of degeneration {unknown}
 k - a potion of ambrosia {unknown}
 l - a potion of might {unknown}
 m - a potion of haste {unknown}


   Skills:
 + Level 3.3 Fighting
 + Level 4.1 Short Blades
 - Level 1.0 Throwing
 - Level 0.7 Armour
 - Level 2.4 Dodging
 - Level 3.0 Spellcasting
 - Level 3.2 Translocations
 + Level 1.7 Transmutations


You had 8 spell levels left.
You knew the following spells:

 Your Spells              Type           Power      Damage    Failure   Level
a - Wereblood             Tmut           7%         N/A       22%         2

Your spell library contained the following spells:

 Spells                   Type           Power      Damage    Failure   Level
 Blink                    Tloc           24%        N/A       12%         2
 Gell's Gravitas          Tloc           12%        N/A       24%         3
 Lesser Beckoning         Tloc           12%        N/A       24%         3
 Teleport Other           Tloc           12%        N/A       24%         3
 Sublimation of Blood     Necr           2%         N/A       43%         2
 Manifold Assault         Tloc           12%        N/A       92%         5
 Summon Hydra             Summ           1%         N/A       100%        7


Dungeon Overview and Level Annotations

Branches:
Dungeon (3/15)

Altars:
Xom

Shops:
D:1 =


Innate Abilities, Weirdness & Mutations

You are frail. (-10% HP)
Your system is resistant to poisons. (rPois)
You are weak. (Str -2)
You sometimes lose the ability to read scrolls when taking damage.


Message History

An orc comes into view. It is wielding a +0 club.
The orc shouts!
You hear a bark!
An orc is nearby!
A gnoll and a jackal come into view.
The gnoll shouts!
The jackal barks!
You hear a shout! x2
An orc comes into view. It is wielding a +0 hand axe.
You barely miss the orc.
Your +6 quick blade of Piveg {spect, +Blink rPois Int-5 Dex+3} barely misses the orc.
You hit the orc.
The orc is severely wounded.
Your +6 quick blade of Piveg {spect, +Blink rPois Int-5 Dex+3} hits the orc!
You kill the orc!
You hear a splash.
Something unseen opens the door.
You puncture the jackal!
You kill the jackal!
There is a stone staircase leading up here.
The gnoll hits you from afar with a +0 halberd.
You climb upwards.
There is a stone staircase leading down here.
You start resting.
HP restored.
You climb downwards.
The gnoll barely misses you.
There is a stone staircase leading up here.
You hit the gnoll but do no damage. The gnoll hits you with a +0 halberd!
You hit the gnoll.
The gnoll is lightly wounded.
The gnoll hits you with a +0 halberd.
You feel threatened and lose the ability to read scrolls!
You climb upwards.
There is a stone staircase leading down here.
You hit the gnoll.
The gnoll is heavily wounded.
The gnoll barely misses you.
You hit the gnoll.
The gnoll is severely wounded.
You closely miss the gnoll.
The gnoll is severely wounded.
The gnoll hits you with a +0 halberd!
You die...

#.###.###..# ##...#..# #.# #.#
...........# ##.##..###.######.#
#.###.##...########.............#
#.# #......##............########
#.# ####..###.######.#####
#.######..###.# #.#
..........†...# #.#
#.##################.#
#.###...........@g...#
#....#.############### #####.##
###


You could see a gnoll.

Vanquished Creatures
  An orc priest (D:3)
  Natasha (twice) (D:2 D:1)
  Robin (D:2)
  2 adders (D:2)
  4 worms
  3 dart slugs
  6 orcs
  A ball python (D:1)
  5 bats
  3 endoplasms
  A giant cockroach (D:1)
  16 goblins
  5 hobgoblins
  3 jackals (D:3)
  10 kobolds
  A quokka (D:2)
  5 frilled lizards
  7 rats
  A spectral hobgoblin (D:1)
77 creatures vanquished.

Notes
Turn   | Place    | Note
-------+----------+-------------------------------------------
     0 | D:1      | freelancePsychic the Deep Elf Warper began the quest for
                  | the Orb.
     0 | D:1      | Reached XP level 1. HP: 12/12 MP: 6/6
   185 | D:1      | Identified a scroll of acquirement
   185 | D:1      | Acquired the +6 quick blade of Piveg {spect, +Blink rPois
                  | Int-5 Dex+3}
   218 | D:1      | Reached XP level 2. HP: 17/17 MP: 8/8
   389 | D:1      | Found Powepnor's Jewellery Emporium.
   858 | D:1      | Found a faded altar of an unknown god.
   878 | D:1      | Prayed at the altar of an unknown god.
   878 | D:1      | Became a worshipper of Xom of Chaos
  1085 | D:1      | XOM: divination: detect items
  1103 | D:1      | XOM: silly message
  1121 | D:2      | Reached XP level 3. HP: 20/21 MP: 9/9
  1168 | D:2      | Reached skill level 3 in Short Blades
  1424 | D:2      | Noticed Robin
  1434 | D:2      | XOM: chaos upgrade
  1459 | D:2      | Killed Robin
  1460 | D:2      | Reached XP level 4. HP: 12/27 MP: 10/10
  1591 | D:2      | XOM: noise
  1652 | D:2      | Noticed Natasha
  1669 | D:2      | XOM: confuse monster(s)
  1676 | D:2      | Killed Natasha
  1745 | D:2      | Learned a level 2 spell: Wereblood
  1746 | D:2      | Noticed Natasha
  1762 | D:1      | Killed Natasha
  2044 | D:2      | XOM: summons 3 hostile demons
  2101 | D:2      | XOM: summons 3 hostile demons
  2363 | D:2      | Reached XP level 5. HP: 32/32 MP: 11/11
  2529 | D:2      | XOM is BORED!
  2529 | D:2      | XOM: give mutations
  2529 | D:2      | Gained mutation: You are weak. (Str -2) [Xom's mischief]
  2529 | D:2      | Gained mutation: You are frail. (-10% HP) [Xom's mischief]
  2529 | D:2      | Gained mutation: Your system is resistant to poisons.
                  | (rPois) [Xom's mischief]
  2529 | D:2      | Gained mutation: You sometimes lose the ability to read
                  | scrolls when taking damage. [Xom's mischief]
  2559 | D:2      | Reached skill level 1 in Transmutations
  2693 | D:2      | XOM: draining
  2821 | D:3      | Reached skill level 4 in Short Blades
  3114 | D:2      | Slain by a gnoll

Illustrated notes

Levels and vault maps discovered:
D:1:      shiori_arrival_oz, layout_basic, serial_shops, shop_fountains,
          dreamdust_ecumenical_altar_drowned_temple
D:2:      layout_loops_ring, uniq_natasha, uniq_robin
D:3:      lemuel_castle_with_subvaults [lemuel_castle_interior_carwin_1],
          layout_basic

Skill      XL: |  1  2  3  4  5 |
---------------+----------------+-----
Fighting       | 2 3 |  3.3
Short Blades   | 3 4 |  4.1
Transmutations | 1 |  1.7
Throwing       | |  1.0
Armour         | |  0.7
Dodging        | |  2.4
Spellcasting   | |  3.0
Translocations | |  3.2

Action                   |  1- 3 |  4- 6 || total
-------------------------+-------+-------++-------
Melee: Short sword       |    13 |       ||    13
       Quick blade       |    57 |    91 ||   148
  Use: Scroll            |     1 |     1 ||     2
 Stab: Sleeping          |     2 |       ||     2
       Distracted        |       |     1 ||     1
Armor: Leather armour    |    17 |    22 ||    39
Dodge: Dodged            |    29 |    42 ||    71
